제목

Match 29801723
End
Kettenkrad Recon Vehicle
Construct Infanterie Kompanie
MG 42 Machine Gun Team
Pioneer Squad
Selects Breakthrough Battlegroup
Selects Assault Grenadiers
Grenadier Squad
Grenadier Squad
Medical Station
Construct Panzergrenadier Kompanie
Selects 2.5-tonne Cargo Truck
Grenadier Squad
Pak 40 Anti-tank Gun Team
Support Elements
Selects Blitzkrieg
Nebelwerfer 42 Rocket Launcher Team
kirill.koval.12
singroam
감귤
한글
SIR NOOBTON
Klaudio75
Visetiisen
saitamapopo28
0
0

Comments sign in to comment!

No comments posted yet!